Zazza, neutral female human Tourist ----------- ## -- |.........-########------- . |.........| #......| .. |.......... ##|....<. -. |.........| |.....| |.. |.........+ ------- |`. |`........| |... ------ -- -------.--- | -----...|# ........| # -.....`.....-######@f ........*.| ### |`.........`|# @.....=?.....| # ------------ # ------------ #################################### Zazza the Rambler Experience level: 1 Strength: 9 Dexterity: 10 Constitution: 16 Intelligence: 15 Wisdom: 9 Charisma: 18 Health: 0(17) Energy: 2(2) Def: 5 Gold: 956 Moves: 2227 Dungeon seed: oxbP7QRKorOvX-IF Game ID: Zazza_1581801998 Your Inventory: Coins $ - 956 gold pieces Weapons a - 37 +2 darts (in quiver) w - a blessed +0 dagger (weapon in hand) J - 7 +0 shuriken S - a +0 long sword Armor e - an uncursed +0 Hawaiian shirt q - a blessed +1 studded leather armor (being worn) r - an uncursed +0 orcish helm z - an uncursed +0 orcish helm (being worn) Comestibles b - 2 uncursed fortune cookies c - 4 uncursed food rations d - an uncursed slime mold f - 2 uncursed eggs g - an uncursed eucalyptus leaf h - 2 uncursed pancakes K - 2 uncursed slime molds Q - an uncursed apple X - an uncursed clove of garlic Z - an uncursed tin of floating eye meat Scrolls y - an uncursed scroll of teleportation Potions o - an uncursed potion of sleeping u - a blessed potion of object detection L - an uncursed potion of restore ability M - an uncursed potion of confusion O - an uncursed potion of enlightenment R - an uncursed potion of speed Rings W - an uncursed ring of levitation Wands v - a wand of make invisible (0:8) G - a wand of enlightenment (0:14) Tools l - an uncursed mirror n - an uncursed credit card U - an uncursed mirror Gems N - an uncursed worthless piece of yellowish brown glass Spells and supernatural/magical abilities: Name Level Category Fail Memory W - pray for help -- divine ? -- Your skills at the end: Fighting Skills Weapon Skills dart [Basic] Spellcasting Skills Final Attributes: You were nominally aligned. You are dead. Vanquished creatures: an acid blob 2 coyotes a gas spore 2 giant rats a cave spider a brown mold a gnome zombie a gecko 13 jackals 2 goblins a sewer rat 8 grid bugs 6 lichens a kobold zombie 3 newts 44 creatures vanquished. Voluntary challenges: You followed a strict vegan diet. You used a wielded weapon 11 times, starting on turn 1145. You read items or engraved 8 times, starting on turn 100. You never genocided any monsters. You never polymorphed an object. You never changed form. You used no wishes. You never split a pudding. You wrote Elbereth's name 4 times, starting on turn 647. You never violated your personal moral code. Dungeon overview: The Dungeons of Doom: levels 1 to 6 Level 1 a fountain a long staircase Level 2 a general store, a fountain Level 3 a scroll shop, a sink a long staircase Level 4 some fountains Level 5 a fountain Level 6 <- You were here History has recorded: On T:1 you entered the Dungeons of Doom to retrieve the Amulet of Yendor! On T:367 you reached level 2 of The Dungeons of Doom. On T:1109 you reached level 3 of The Dungeons of Doom. On T:1630 you reached level 4 of The Dungeons of Doom. On T:1991 you reached level 5 of The Dungeons of Doom. On T:2090 you reached level 6 of The Dungeons of Doom. Score breakdown: Gold: 328 ( 8562 points) Experience: 1 level ( 0 points) Exploration: 6 levels ( 12.24%) ( 9682 points) Discoveries: 5 items ( 1.68%) ( 3885 points) Valuables value: (no points given unless you survive) Artifact value: 0 ( 0 points) Variety of kills: 15 monsters ( 3.94%) ( 5952 points) Turncount: 2227 turns ( -159 points) Survival: died (score multiplied by 80%) Total score: 22337 Latest messages: The dart misses the cave spider. You hear some noises. You kill the cave spider! a - a +2 dart (in quiver). You hear a jackal howling at the moon. You displace Armand. The door opens. You hear some noises. The door opens. KABOOM!! The door was booby-trapped! You stagger... You miss the cave spider. The cave spider misses. Sparks fly as you whack the wall. The cave spider bites! You feel a bit steadier now. You write in the dust with your fingers. The cave spider turns to flee! The werejackal hits! You die... Final status: Aloha Zazza the Tourist, killed by a werejackal... You died in The Dungeons of Doom on dungeon level 6 with 22337 points, and 956 pieces of gold, after 2227 moves. You were level 1 with a maximum of 17 hit points when you died.